 Dungeon Crawl Stone Soup version 0.27.1-34-g3ba077fa99 (webtiles) character file.

Game seed: 18109740523214653733

29 Cykl0x the Slasher (level 3, -1/22 HPs)
             Began as a Gargoyle Gladiator on Jan 7, 2022.
             Slain by a kobold (4 damage)
             ... on level 2 of the Dungeon.
             The game lasted 00:02:48 (1068 turns).

Cykl0x the Slasher (Gargoyle Gladiator)             Turns: 1068, Time: 00:02:48

Health: -1/22      AC:  9    Str: 18    XL:     3   Next: 16%
Magic:  3/3        EV: 10    Int:  8    God:
Gold:   22         SH:  5    Dex: 11    Spells: 2/2 levels left

rFire    . . .     SeeInvis .   a - +0 long sword
rCold    . . .     Faith    .   e - +2 buckler
rNeg     + . .     Spirit   .   i - +0 ring mail
rPois    ∞         Reflect  .   c - +0 helmet
rElec    +         Harm     .   (no cloak)
rCorr    .         Rampage  .   (no gloves)
Will     .....                  (no boots)
Stlth    +.........             (no amulet)
HPRegen  0.07/turn              (no ring)
MPRegen  0.08/turn              (no ring)

@: slowed, very slow
A: sickness immunity, AC +3, negative energy resistance 1, electricity
resistance, torment resistance 1, petrification resistance
a: no special abilities


You were on level 2 of the Dungeon.
You visited 1 branch of the dungeon, and saw 2 of its levels.

You collected 22 gold pieces.

Inventory:

Hand Weapons
 a - a +0 long sword (weapon)
Missiles
 d - 3 throwing nets
 j - 17 stones (quivered)
Armour
 b - a +0 leather armour
 c - a +0 helmet (worn)
 e - a +2 buckler (worn)
 i - a +0 ring mail (worn)
Wands
 g - a wand of acid (8)
Scrolls
 h - a scroll of identify
Potions
 f - a potion of might
 l - a potion of mutation {unknown}


   Skills:
 + Level 2.3 Fighting
 + Level 3.0 Long Blades
 + Level 2.0 Throwing
 * Level 0.8 Armour
 + Level 2.6 Dodging
 * Level 0.7 Shields
 + Level 0.3 Spellcasting


You had 2 spell levels left.
You didn't know any spells.
Your spell library was empty.

Dungeon Overview and Level Annotations

Branches:
Dungeon (2/15)

Altars:


Innate Abilities, Weirdness & Mutations

You are immune to sickness and miasma.
Your stone body is resilient. (AC +3)
You are immune to poison.
You resist negative energy. (rN+)
You are resistant to electric shocks. (rElec)
You are resistant to unholy torment.
You are immune to petrification.


Message History

Jessica seems to speed up.
You throw a stone.
The stone hits Jessica but does no damage.
A kobold comes into view. It is wielding a +0 short sword.
You throw a stone. The stone completely misses Jessica.
You throw a stone.
The stone hits Jessica but does no damage.
You closely miss Jessica. Jessica hits you with a +0 club!
You hit Jessica.
Jessica is severely wounded.
Jessica hits you but does no damage. x2; You block Jessica's attack.
You hit Jessica.
Jessica is almost dead.
Jessica barely misses you. Jessica gestures at you while chanting.
You feel yourself slow down.
You hit Jessica but do no damage.
Jessica is almost dead.
You block Jessica's attack. The kobold closely misses you.
Jessica hits you with a +0 club.
The kobold hits you with a +0 short sword.
Jessica barely misses you.
You riposte.
You closely miss Jessica.
Jessica is almost dead.
Jessica hits you with a +0 club. The kobold closely misses you.
Jessica casts a spell at you. Pain shoots through your body!
* * * LOW HITPOINT WARNING * * *
There is an open door here.
Jessica barely misses you. Jessica hits you but does no damage.
Jessica mumbles some strange words.
Jessica blinks!
There are monsters nearby!
Aiming: Corrosive Bolt
Press: ? - help, Shift-Dir - straight line, f/p - Jessica
Aim: Jessica, wielding a +0 club and wearing a +2 robe (almost dead, fast, 71% to hit)
The bolt of acid hits Jessica!
Jessica is splashed with acid.
The acid corrodes Jessica!
You kill Jessica!
The kobold hits you with a +0 short sword.
You die...

...# #..#
#.......# ##.#
#..# #.....(.#
#.# #..##
#.......#
##.####...#
#.......#
........#.#
#.......#
.#.######.#
#.......# .#.#
#.######'####
.#.# #..# #K#
.#.# ##.# #@#
.#.# #.## #.#
.#.# #..# #.#
.#.########.##
#.#
##.......##..#
#)#
########.###.#
#.# ...## #.#
#.###.# ....#
#.# #..##.#
....# #.#
##.##.#


You could see a kobold.

Vanquished Creatures
  Jessica (D:2)
  2 worms
  2 endoplasms (D:1)
  3 giant cockroaches
  2 goblins
  2 hobgoblins (D:1)
  A quokka (D:1)
  5 ball pythons (D:1)
  A bat (D:1)
  2 frilled lizards (D:1)
  2 kobolds (D:1)
23 creatures vanquished.

Notes
Turn   | Place    | Note
-------+----------+-------------------------------------------
     0 | D:1      | Cykl0x the Gargoyle Gladiator began the quest for the Orb.
     0 | D:1      | Reached XP level 1. HP: 12/12 MP: 1/1
   103 | D:1      | Reached XP level 2. HP: 16/17 MP: 2/2
   405 | D:1      | Found a faded altar of an unknown god.
   780 | D:2      | Reached skill level 3 in Long Blades
   780 | D:2      | Reached XP level 3. HP: 19/22 MP: 3/3
  1055 | D:2      | Noticed Jessica
  1068 | D:2      | Killed Jessica
  1068 | D:2      | Slain by a kobold

Illustrated notes

Levels and vault maps discovered:
D:1:      dpeg_arrival_brainrot, layout_loops_cross, basic_ecumenical_altar
D:2:      layout_basic, guppyfry_early_lair_pool, uniq_jessica

Skill      XL: |  1  2 |
---------------+-------+-----
Throwing       | 2 |  2.0
Long Blades    | 3 |  3.0
Fighting       | |  2.3
Armour         | |  0.8
Dodging        | |  2.6
Shields        | |  0.7
Spellcasting   | |  0.3

Action                   || total
-------------------------++-------
Melee: Long sword        ||    54
Throw: Stone             ||    20
Evoke: Wand              ||     1
  Use: Scroll            ||     4
Armor: Leather armour    ||     3
       Ring mail         ||    16
Dodge: Dodged            ||    35
Block: Buckler           ||    17
       Rpst.: Long sword ||     9
